 Dungeon Crawl Stone Soup version 0.26-a0-708-g17f3b190f9 (webtiles) character file.

Game seed: 32533564167289094

1889 EWolf27 the Grappler (level 8, -3/75 HPs)
             Began as a Troll Berserker on Oct 27, 2020.
             Was a Priest of Trog.
             Slain by a killer bee (7 damage)
             ... on level 5 of the Dungeon on Oct 28, 2020.
             The game lasted 00:29:18 (4921 turns).

EWolf27 the Grappler (Troll Berserker)              Turns: 4921, Time: 00:29:18

Health: -3/75      AC:  7    Str: 32    XL:     8   Next: 92%
Magic:  7/7        EV: 11    Int:  4    God:    Trog [***...]
Gold:   361        SH:  0    Dex: 10    Spells: 7/7 levels left

rFire    . . .     SeeInvis .     - Unarmed
rCold    . . .     Faith    .   (no shield)
rNeg     . . .     Spirit   .   a - +1 animal skin
rPois    .         Reflect  .   (helmet restricted)
rElec    .         Harm     .   (no cloak)
rCorr    .         Rampage  .   (gloves unavailable)
MR       .....                  (boots unavailable)
Stlth    +.........             (no amulet)
HPRegen  0.62/turn              j - ring of flight
MPRegen  0.10/turn              e - +6 ring of strength

@: lethally poisoned (-3 -> -3)
A: large, unfitting armour, claws 3, regeneration 1, shaggy fur 1, tough skin 3
a: Berserk, Trog's Hand, Renounce Religion, Evoke Flight


You were on level 5 of the Dungeon.
You worshipped Trog.
Trog was most pleased with you.
You visited 1 branch of the dungeon, and saw 7 of its levels.

You collected 361 gold pieces.

Inventory:

Hand Weapons
 w - a +2 whip of freezing
Missiles
 c - 31 poisoned darts (quivered)
 v - 5 large rocks
Armour
 a - a +1 animal skin (worn)
 l - a +0 kite shield
Jewellery
 e - a +6 ring of strength (right claw)
 j - a ring of flight (left claw)
Wands
 y - a wand of paralysis (5)
Scrolls
 b - 3 scrolls of remove curse
 d - 4 scrolls of fear
 f - 4 scrolls of teleportation
 i - a scroll of identify
 r - a scroll of noise {unknown}
 x - a scroll of enchant weapon
Potions
 g - 4 potions of stabbing
 h - a potion of heal wounds {unknown}
 k - 2 potions of flight
 m - 4 potions of mutation
 n - 3 potions of degeneration {unknown}
 p - a potion of magic {unknown}
 q - 2 potions of resistance {unknown}
 s - a potion of haste {unknown}
 t - a potion of lignification {unknown}


   Skills:
 - Level 3.0 Fighting
 + Level 4.7 Throwing
 - Level 4.0 Dodging
 + Level 1.8 Shields
 * Level 9.5 Unarmed Combat


You had 7 spell levels left.
You didn't know any spells.
Your spell library was empty.

Dungeon Overview and Level Annotations

Branches:
Dungeon (7/15)             Temple (0/1) D:4

Altars:
Kikubaaqudgha
Nemelex Xobeh
Okawaru
Vehumet


Innate Abilities, Weirdness & Mutations

You are too large for most types of armour.
You have claws for hands.
Your natural rate of healing is unusually fast.
You are covered in fur. (AC +1)
You have extremely tough skin. (AC +3)


Message History

* * * LOW HITPOINT WARNING * * *
You are poisoned.
The killer bee poisons you! The killer bee stings you.
* * * LOW HITPOINT WARNING * * *
The killer bee stings you.
* * * LOW HITPOINT WARNING * * *
You feel better. The killer bee stings you!
* * * LOW HITPOINT WARNING * * *
The killer bee stings you but does no damage. x2
The killer bee closely misses you.
You miss the killer bee. The killer bee barely misses you.
The killer bee stings you.
* * * LOW HITPOINT WARNING * * *
You are poisoned.
The killer bee poisons you! The killer bee barely misses you.
You barely miss the killer bee.
Your skin stops crawling.
You feel less resistant to hostile enchantments.
You feel sick. The killer bee stings you!
You die...

#.# #............
#########.###.###.######.
#.....>....##.# #.# #.
#.#######..##.# #.######.
#.# #..##>###.##..... #.#
#..##.##.....###. ##.##
####..##.##.....###.
#...###...................
#.......y@..##............
#...#..≈.y.............##.
##.....≈⌠...##.##...##.###
#.###.≈.≈.###.##...##.#
#.# #.....# #.........#
#.#######.# #.........#
#.......#.# #.........#
#######.#.####..(.....#
#.#.............###


You could see 2 killer bees.

Vanquished Creatures
  Pikel (D:4)
  Eustachio (D:5)
  An orc warrior (D:6)
  A sky beast (D:5)
  A phantom (D:5)
  An ogre (D:5)
  A centaur (D:5)
  2 scorpions
  2 killer bees (D:6)
  A howler monkey (D:4)
  3 hounds (D:6)
  A jelly (D:6)
  2 orc wizards
  An orc priest (D:3)
  2 bullfrog skeletons (D:5)
  2 gnoll shamans (D:6)
  4 worker ants
  A killer bee zombie (D:5)
  A hound skeleton (D:5)
  3 gnolls (D:6)
  7 adders
  An ufetubus (D:5)
  2 oozes (D:1)
  An adder skeleton (D:4)
  3 worms
  A dart slug (D:3)
  3 leopard geckos (D:4)
  27 orcs
  A ball python (D:3)
  4 giant cockroaches
  2 goblins (D:2)
  5 hobgoblins
  5 jackals
  2 quokkas
  3 bats
  6 frilled lizards
  8 kobolds
  A leopard gecko skeleton (D:5)
  8 rats
122 creatures vanquished.

Notes
Turn   | Place    | Note
-------+----------+-------------------------------------------
     0 | D:1      | EWolf27 the Troll Berserker began the quest for the Orb.
     0 | D:1      | Reached XP level 1. HP: 22/22 MP: 0/0
    65 | D:1      | Reached XP level 2. HP: 29/29 MP: 1/1
   158 | D:1      | Found a sparkling altar of Nemelex Xobeh.
   794 | D:2      | Upgraded the game from 0.26-a0-707-g31817bcca1 to
                  | 0.26-a0-708-g17f3b190f9
   841 | D:2      | Reached XP level 3. HP: 36/36 MP: 2/2
   860 | D:2      | Found an iron altar of Okawaru.
   943 | D:2      | Reached ** piety under Trog
   960 | D:2      | Reached skill level 4 in Unarmed Combat
  1358 | D:3      | Reached XP level 4. HP: 44/44 MP: 3/3
  1973 | D:3      | Found an ancient bone altar of Kikubaaqudgha.
  2222 | D:4      | Reached XP level 5. HP: 46/53 MP: 4/4
  2227 | D:4      | Reached skill level 5 in Unarmed Combat
  2247 | D:4      | Found a radiant altar of Vehumet.
  2370 | D:4      | Found a staircase to the Ecumenical Temple.
  2431 | D:4      | Reached *** piety under Trog
  2682 | D:4      | Reached XP level 6. HP: 61/61 MP: 5/5
  2800 | D:4      | Noticed Pikel
  2821 | D:4      | Killed Pikel
  2821 | D:4      | Reached skill level 6 in Unarmed Combat
  2821 | D:4      | Reached XP level 7. HP: 46/67 MP: 6/6
  3021 | D:5      | Entered Level 5 of the Dungeon
  3029 | D:5      | Reached skill level 7 in Unarmed Combat
  3101 | D:5      | Noticed Eustachio
  3165 | D:5      | Killed Eustachio
  3165 | D:5      | Reached XP level 8. HP: 53/75 MP: 7/7
  3306 | D:5      | Reached skill level 8 in Unarmed Combat
  4055 | D:6      | Reached skill level 9 in Unarmed Combat
  4445 | D:6      | Reached skill level 1 in Shields
  4916 | D:6      | HP: 3/75 [killer bee (4)]
  4921 | D:5      | Slain by a killer bee

Illustrated notes

Levels and vault maps discovered:
D:1:      minmay_arrival_radiant_lines, layout_basic, corexii_corridor_pit,
          nemelex_xobeh_ov_fountains_minmay
D:2:      layout_rooms, okawaru_gym_becter
D:3:      layout_basic, nicolae_overflow_hidden_temple,
          kennysheep_generic_room_16
D:4:      layout_cave_pods, vehumet_crystals, temple_doors_e, uniq_pikel
D:5:      layout_loops_ring, corexii_leaking_fountain, uniq_eustachio
D:6:      kennysheep_six_static_rooms, layout_basic, serial_curves,
          eino_curves_03, eino_curves_03
D:7:      layout_layer_cave

Skill      XL: |  1  2  3  4  5  6  7  8 |
---------------+-------------------------+-----
Unarmed Combat | 4 5 6 7 9 |  9.5
Fighting       | 3 |  3.0
Dodging        | 3 4 |  4.0
Throwing       | 2 3 4 |  4.7
Shields        | 1 |  1.8

Action                   |  1- 3 |  4- 6 |  7- 9 || total
-------------------------+-------+-------+-------++-------
Melee: Unarmed           |    86 |   116 |   158 ||   360
       Punch             |     2 |     1 |     2 ||     5
Throw: Dart              |     2 |     5 |     7 ||    14
Invok: Trog's Hand       |       |     1 |     2 ||     3
       Berserk           |       |       |     1 ||     1
  Use: Scroll            |       |     4 |     9 ||    13
       Potion            |       |       |     2 ||     2
Armor: Animal skin       |    36 |    29 |    45 ||   110
Dodge: Dodged            |    37 |    53 |   107 ||   197

Table legend: (Time is in decaauts)
 A = Elapsed time spent in this place.
 B = Non-inter-level travel time spent in this place.
 C = Inter-level travel time spent in this place.
 D = Time resting spent in this place.
 E = Time spent auto-exploring this place.
 F = Levels seen in this place.
 G = Mean time per level.
                   A        B        C        D        E       F      G
               +--------+--------+--------+--------+--------+-----+--------+
         Total |   4890 |   4627 |    263 |    384 |   2684 |   7 |  698.6 |
       Dungeon |   4890 |   4627 |    263 |    384 |   2684 |   7 |  698.6 |
               +--------+--------+--------+--------+--------+-----+--------+

Top non-repeatable levels by time:
     D:5: 970 daAuts
     D:4: 938 daAuts
     D:6: 912 daAuts
     D:1: 786 daAuts
     D:3: 733 daAuts
     D:2: 545 daAuts
     D:7: 4 daAuts
